 Dungeon Crawl Stone Soup version 0.29-a0-341-g24ffce5b50 (webtiles) character file.

Game seed: 12834656739750150346

45 KateM the Skirmisher (level 3, -1/29 HPs)
             Began as a Demonspawn Monk on Apr 20, 2022.
             Slain by Terence
             ... wielding a +2 short sword of flaming
              (2 damage)
             ... on level 2 of the Dungeon.
             The game lasted 00:01:51 (1665 turns).

KateM the Skirmisher (Demonspawn Monk)              Turns: 1665, Time: 00:01:54

Health: -1/29      AC:  4    Str: 11    XL:     3   Next: 42%
Magic:  3/3        EV: 13    Int: 11    God:
Gold:   82         SH:  0    Dex: 17    Spells: 2/2 levels left

rFire   . . .      SeeInvis .     - Unarmed
rCold   . . .      Faith    .   (no shield)
rNeg    . . .      Spirit   .   a - +0 robe
rPois   .          Reflect  .   (no helmet)
rElec   .          Harm     .   (no cloak)
rCorr   .          Rampage  .   (no gloves)
Will    .....                   (no boots)
Stlth   ++........              (no amulet)
HPRegen 0.09/turn               (no ring)
MPRegen 0.08/turn               (no ring)

@: no status effects
A: thin metallic scales 1
a: no special abilities


You were on level 2 of the Dungeon.
You visited 1 branch of the dungeon, and saw 2 of its levels.

You collected 82 gold pieces.

Inventory:

Armour
 a - a +0 robe (worn)
Scrolls
 f - a scroll of teleportation {unknown}
Potions
 b - a potion of ambrosia
 c - a potion of curing {unknown}
 d - 2 potions of mutation {unknown}
 e - a potion of cancellation {unknown}


   Skills:
 + Level 3.4 Fighting
 + Level 3.1 Dodging
 + Level 2.4 Stealth
 + Level 3.1 Unarmed Combat


You had 2 spell levels left.
You didn't know any spells.
Your spell library was empty.

Dungeon Overview and Level Annotations

Branches:
Dungeon (2/15)

Altars:

Annotations:
D:2 Terence


Innate Abilities, Weirdness & Mutations

You are partially covered in thin metallic scales. (AC +2)


Message History

Terence is heavily wounded.
Terence closely misses you.
You barely miss Terence.
Terence is heavily wounded.
Terence hits you but does no damage.
You hit Terence.
Terence is almost dead.
Terence hits you with a +2 short sword of flaming.
Terence burns you.
You hit Terence.
Terence is almost dead.
Terence screams, "I want your blood!" Terence closely misses you.
You hit Terence but do no damage.
Terence is almost dead.
Terence barely misses you.
You hit Terence but do no damage.
Terence is almost dead.
Terence hits you with a +2 short sword of flaming.
Terence burns you.
You hit Terence but do no damage.
Terence is almost dead.
Terence barely misses you.
You hit Terence but do no damage.
Terence is almost dead.
Terence hits you with a +2 short sword of flaming.
Terence burns you.
You closely miss Terence.
Terence is almost dead.
Terence hits you with a +2 short sword of flaming!
* * * LOW HITPOINT WARNING * * *
Terence burns you.
* * * LOW HITPOINT WARNING * * *
You barely miss Terence.
Terence is almost dead.
Terence shouts, "DIE!!!"
Terence hits you with a +2 short sword of flaming.
* * * LOW HITPOINT WARNING * * *
Terence burns you.
You die...

.# .. .# .# .# .# #.
###@####.# #.@.......
#.#####..##### #### #.#
#..#...###...
######.#####..#........)
#..........#..#...###...
#.####.###.#......# ####
#.###........# #
#....[....#..# #
#####........# #


You could see Terence.

Vanquished Creatures
  An adder (D:2)
  6 endoplasms (D:1)
  3 giant cockroaches (D:1)
  2 goblins (D:1)
  2 hobgoblins (D:1)
  3 jackals (D:1)
  5 ball pythons (D:1)
  4 bats (D:1)
  3 frilled lizards
  2 kobolds (D:1)
  3 rats (D:1)
34 creatures vanquished.

Notes
Turn   | Place    | Note
-------+----------+-------------------------------------------
     0 | D:1      | KateM the Demonspawn Monk began the quest for the Orb.
     0 | D:1      | Reached XP level 1. HP: 18/18 MP: 1/1
   273 | D:1      | Gained mutation: You are partially covered in thin metallic
                  | scales. (AC +2) [demonic ancestry]
   273 | D:1      | Reached XP level 2. HP: 24/24 MP: 2/2
  1127 | D:1      | Reached XP level 3. HP: 28/29 MP: 3/3
  1650 | D:2      | Noticed Terence
  1665 | D:2      | HP: 1/29 [Terence/+2 short sword of flaming (6)]
  1665 | D:2      | Slain by Terence

Illustrated notes

Levels and vault maps discovered:
D:1:      ebering_trefoil_twist, layout_basic
D:2:      layout_loops_corners, serial_shops,
          nicolae_shop_competitors_out_of_business, uniq_terence, uniq_jessica

Skill      XL: |  1  2 |
---------------+-------+-----
Stealth        | 2 |  2.4
Dodging        | 3 |  3.1
Unarmed Combat | 3 |  3.1
Fighting       | |  3.4

Action                   || total
-------------------------++-------
Melee: Unarmed           ||   153
       Punch             ||     2
 Stab: Sleeping          ||     7
Armor: Robe              ||    41
Dodge: Dodged            ||   122

Table legend: (Time is in decaauts)
 A = Elapsed time spent in this place.
 B = Non-inter-level travel time spent in this place.
 C = Inter-level travel time spent in this place.
 D = Time resting spent in this place.
 E = Time spent auto-exploring this place.
 F = Levels seen in this place.
 G = Mean time per level.
                   A        B        C        D        E       F      G
               +--------+--------+--------+--------+--------+-----+--------+
         Total |   1656 |   1656 |      0 |    661 |    721 |   2 |  828.0 |
       Dungeon |   1656 |   1656 |      0 |    661 |    721 |   2 |  828.0 |
               +--------+--------+--------+--------+--------+-----+--------+

Top non-repeatable levels by time:
     D:1: 1484 daAuts
     D:2: 172 daAuts
